Description

x

Replay - 4 - Glittering_Ashes_LE_2

Build Order

Get SALT Encoding   

  12  0:00  SCV  
  13  0:12  SCV  
  14  0:17  Supply Depot  
  14  0:24  SCV  
  15  0:38  SCV  
  15  0:40  Barracks  
  16  0:42  Refinery  
  16  0:50  SCV  
  17  1:03  SCV  
  18  1:15  SCV  
  19  1:27  Marine, Orbital Command  
  20  1:45  Command Center  
  20  1:55  Factory  
  20  2:01  Barracks Reactor  
  20  2:03  SCV  
  21  2:09  Supply Depot  
  21  2:16  SCV  
  21  2:20  Bunker  
  22  2:29  SCV  
  23  2:38  Marine x2  
  23  2:42  Hellion, Starport  
  28  2:57  Orbital Command  
  28  3:02  Marine x2  
  28  3:03  Hellion  
  33  3:18  Medivac  
  35  3:25  Hellion  
  38  3:27  Marine x2  
  38  3:29  Supply Depot  
  40  3:36  Barracks  
  42  3:45  Marine x2  
  44  3:55  Barracks  
  46  4:00  Supply Depot  
  47  4:03  Marine  
Spawning Tool Build Advisor. Get it on Overwolf

Analysis

x

Go to:

Details

  • Created by: charles5
  • Published on: Dec 17, 2021
  • Modified on: Dec 17, 2021
  • Patch: 4.11.0
  • Difficulty: Hard
Show
View Real Time Build Order
Export as new Build Order

Comments (0)

There are no comments. Be the first!

Create an account to comment!